 Dungeon Crawl Stone Soup version 0.25-a0-589-g1e14c549ee (webtiles) character file.

Game seed: 9137322998671015914, levelgen mode: deterministic

14 Forecaster the Magician (level 2, -2/22 HPs)
             Began as a Naga Wizard on Mar 9, 2020.
             Slain by a quokka (3 damage)
             ... on level 2 of the Dungeon.
             The game lasted 00:01:48 (236 turns).

Forecaster the Magician (Naga Wizard)                Turns: 236, Time: 00:01:49

Health: -2/22      AC:  1    Str:  9    XL:     2   Next: 41%
Magic:  6/6        EV: 10    Int: 18    God:
Gold:   15         SH:  0    Dex:  9    Spells: 7/8 levels left

rFire    . . .     SeeInvis +   g - +0 falchion
rCold    . . .     Gourm    .   (no shield)
rNeg     . . .     Faith    .   a - +0 robe
rPois    +         Spirit   .   b - +0 hat
rElec    .         Reflect  .   (no cloak)
rCorr    .         Harm     .   (no gloves)
MR       .....                  (no barding)
Stlth    ++........             (no amulet)
HPRegen  0.07/turn              (no ring)
MPRegen  0.10/turn              (no ring)

@: very slow
A: large, see invisible, deformed body, poison resistance, slowness 2, slow
metabolism 1, spit poison 1, AC +0
a: Spit Poison


You were on level 2 of the Dungeon.
You were not hungry.

You visited 1 branch of the dungeon, and saw 2 of its levels.

You collected 15 gold pieces.

Inventory:

Hand Weapons
 g - a +0 falchion (weapon)
Missiles
 j - 7 stones (quivered)
Armour
 a - a +0 robe (worn)
 b - a +0 hat (worn)
Scrolls
 c - a scroll of remove curse {unknown}
 h - a scroll of identify {unknown}
 i - a scroll of blinking {unknown}
 k - a scroll of random uselessness {unknown}
 l - a scroll of amnesia {unknown}
Potions
 e - a potion of magic {unknown}
 f - a potion of curing {unknown}
Comestibles
 d - 2 rations


   Skills:
 + Level 1.6 Dodging
 + Level 3.1 Stealth
 + Level 3.5 Spellcasting
 + Level 1.0 Conjurations
   Level 1.0 Summonings
   Level 1.0 Translocations


You had 7 spell levels left.
You knew the following spells:

 Your Spells              Type           Power        Failure   Level  Hunger
a - Magic Dart            Conj           #...         11%         1    None

Your spell library contained the following spells:

 Spells                   Type           Power        Failure   Level  Hunger
 Blink                    Tloc           N/A          16%         2    ##.....
 Call Imp                 Summ           #.......     16%         2    ##.....
 Slow                     Hex            #.......     24%         2    ##.....
 Conjure Flame            Conj/Fire      #.......     36%         3    ###....
 Mephitic Cloud           Conj/Pois/Air  #.......     38%         3    ###....


Dungeon Overview and Level Annotations

Branches:
Dungeon (2/15)

Altars:
Uskayaw


Innate Abilities, Weirdness & Mutations

You cannot wear boots.
Your serpentine skin is tough. (AC +0)
You have supernaturally acute eyesight. (SInv)
Armour fits poorly on your strangely shaped body.
Your system is resistant to poisons. (rPois)
You cover ground very slowly.
You have a slow metabolism.
You can spit poison.


Message History

You hit the quokka.
The quokka is severely wounded.
The quokka closely misses you.
You riposte.
You closely miss the quokka.
The quokka is severely wounded.
The jackal closely misses you. The quokka misses you.
You closely miss the jackal.
The jackal is severely wounded.
The jackal barely misses you. The quokka bites you.
* * * LOW HITPOINT WARNING * * *
The jackal bites you.
* * * LOW HITPOINT WARNING * * *
Casting: Magic Dart (safe; 11% risk of failure)
Confirm with . or Enter, or press ? or * to list all spells.
You don't know that spell.
You closely miss the jackal.
The jackal is severely wounded.
The jackal barely misses you.
You riposte.
You hit the jackal but do no damage.
The jackal is severely wounded.
The quokka bites you.
You die...

#####.# #..# #.# #..#
#.# #####..# #.#
##....... #.#
##...###.# #.#########
#....# #.#
#.........####....###.#
######h##.............#
#)ghr@##.####.######.#
#.....g####......# ..
#...####.#....###### ..
..# ..####.# ### . #..#
.... # #.## #...... #
#. .<...### .. ###.###
#.#


You could see a quokka, 2 jackals and 2 goblins.

Vanquished Creatures
  An adder (D:2)
  A giant cockroach (D:2)
  A goblin (D:2)
  A kobold (D:2)
  2 rats (D:2)
6 creatures vanquished.

Notes
Turn   | Place    | Note
-------+----------+-------------------------------------------
     0 | D:1      | Forecaster the Naga Wizard began the quest for the Orb.
     0 | D:1      | Reached XP level 1. HP: 15/15 MP: 4/4
    68 | D:1      | You fall into a shaft and drop 1 floor!
    68 | D:2      | Found a hide-covered altar of Uskayaw.
    72 | D:2      | Reached XP level 2. HP: 22/22 MP: 0/6
   235 | D:2      | HP: 1/22 [jackal (2)]
   236 | D:2      | Slain by a quokka

Levels and vault maps discovered:
D:1:      dpeg_arrival_another_circle, layout_basic, serial_curves,
          eino_curves_03, eino_curves_02, skrybe_limestone_x, minmay_lizard_king
D:2:      minmay_evil_eye, layout_loops_ring, eat_drink_and_be_merry_uskayaw,
          lemuel_coloured_pillars_altar, serial_glass, glass_columns_b,
          glass_columns_a

Action                   || total
-------------------------++-------
Melee: Falchion          ||    16
 Cast: Magic Dart        ||     4
 Stab: Sleeping          ||     1
Armor: Robe              ||     3
Dodge: Dodged            ||    15
       Rpst.: Falchion   ||     4

Table legend:
 A = Non-vault XP
 B = Vault XP
 C = Vault XP percentage of total XP
 D = Non-vault monster count
 E = Vault monster count
 F = Vault count percentage of total count
                 A         B        C        D         E       F
            +---------+---------+-------+---------+---------+-------
      Total |      19 |       1 |   5.0 |       5 |       1 |  16.7
            +---------+---------+-------+---------+---------+-------
        D:2 |      19 |       1 |   5.0 |       5 |       1 |  16.7
            +---------+---------+-------+---------+---------+-------
